 Dungeon Crawl Stone Soup version 0.28-a0-46-g7b1be97 (webtiles) character file.

Game seed: 17923954205520122893

779 Illumine the Chopper (level 7, -3/88 HPs)
             Began as a Palentonga Berserker on July 29, 2021.
             Was a Priest of Trog.
             Succumbed to a gnoll sergeant's poison
             ... on level 5 of the Dungeon.
             The game lasted 00:05:49 (3808 turns).

Illumine the Chopper (Palentonga Berserker)         Turns: 3808, Time: 00:05:50

Health: -3/88      AC: 10    Str: 23    XL:     7   Next: 54%
Magic:  7/7        EV:  8    Int:  7    God:    Trog [***...]
Gold:   221        SH:  0    Dex:  9    Spells: 6/6 levels left

rFire   . . .      SeeInvis +   a - +0 hand axe
rCold   . . .      Faith    .   (no shield)
rNeg    . . .      Spirit   .   h - +0 scale mail
rPois   .          Reflect  .   e - +1 helmet
rElec   .          Harm     .   (no cloak)
rCorr   .          Rampage  .   k - +0 pair of gloves
Will    .....                   (no barding)
Stlth   ..........              (no amulet)
HPRegen 0.24/turn               (no ring)
MPRegen 0.10/turn               (no ring)

@: berserking, lethally poisoned (-3 -> -44), about to teleport, very quick
A: large, rugged brown scales 3, see invisible, deformed body, roll 1, armoured
tail, reflexive curl
a: Rolling Charge, Renounce Religion, Berserk, Trog's Hand


You were on level 5 of the Dungeon.
You worshipped Trog.
Trog was most pleased with you.
You visited 1 branch of the dungeon, and saw 5 of its levels.

You collected 221 gold pieces.

Inventory:

Hand Weapons
 a - a +0 hand axe (weapon)
Armour
 e - a +1 helmet (worn)
 h - a +0 scale mail (worn)
 k - a +0 pair of gloves (worn)
Wands
 j - a wand of iceblast (8)
Scrolls
 b - a scroll of enchant weapon
 c - 6 scrolls of identify
 d - 4 scrolls of teleportation
 g - 2 scrolls of enchant armour
 i - a scroll of amnesia


   Skills:
 + Level 5.0 Fighting
 * Level 6.6 Axes
 + Level 3.7 Armour
 - Level 1.5 Dodging
 + Level 1.3 Evocations


You had 6 spell levels left.
You didn't know any spells.
Your spell library was empty.

Dungeon Overview and Level Annotations

Branches:
Dungeon (5/15)
 Temple: D:4-7

Altars:
Fedhas

Shops:
D:4 =


Innate Abilities, Weirdness & Mutations

You are completely covered in rugged brown scales. (AC +3, +7% HP)
You have supernaturally acute eyesight. (SInv)
Armour fits poorly on your strangely shaped body.
You can roll at nearby foes to attack.
You have a long armoured tail.
You curl defensively after being hit.


Message History

The centaur zombie kicks you but does no damage.
Okay, then.
You feel much better.
You feel extremely sick.
The gnoll sergeant hits you with a +3 spear of venom.
You are lethally poisoned!
The centaur zombie barely misses you. x2; The gnoll closely misses you.
Unknown command.
You hit the gnoll sergeant.
The gnoll sergeant is moderately wounded.
You hit the centaur zombie. You closely miss the gnoll.
You feel extremely sick.
The centaur zombie hits you but does no damage.
The centaur zombie kicks you but does no damage.
The gnoll sergeant hits you but does no damage.
You are more poisoned.
The gnoll barely misses you.
As you read the scroll of teleportation, it crumbles to dust.
You feel strangely unstable.
You feel extremely sick. The centaur zombie hits you.
* * * LOW HITPOINT WARNING * * *
The centaur zombie barely misses you.
The gnoll sergeant hits you but does no damage.
You are more poisoned.
The gnoll hits you but does no damage.
The centaur zombie hits you but does no damage.
The centaur zombie kicks you but does no damage.
Unknown command.
* * * LOW HITPOINT WARNING * * *
You feel extremely sick.
The gnoll sergeant hits you from afar with a +3 spear of venom.
* * * LOW HITPOINT WARNING * * *
You are more poisoned.
Unknown command.
You aren't carrying any potions.
Unknown command.
A red film seems to cover your vision as you go berserk!
You feel yourself moving faster!
You feel mighty!
You die...

.....###### ..##..#
......#...###'##..#
......#.......##..#
......#...........#
...)..#...........#
......'...........#
.###..###+##....g.#
.###..##..##..##Zg#
...#......##..##@.#
...#......##+###..#
...'.......'...#..#
...#.......#...#..#
#########.##.####'#
....#
#.##.###..#....#
....#
+.........#....#
...(#
#.........#....#
....#
#.........#....#


You could see a gnoll sergeant, a gnoll and a centaur zombie.

Vanquished Creatures
  Sigmund (D:2)
  A sky beast (D:5)
  A black bear (D:4)
  2 phantoms (D:5)
  A hound (D:4)
  A jelly (D:4)
  An orc priest (D:4)
  2 orc wizards (D:4)
  7 gnolls
  An adder (D:5)
  2 worms
  4 dart slugs
  8 orcs
  4 ball pythons
  5 bats
  6 endoplasms
  A giant cockroach (D:1)
  7 goblins
  6 hobgoblins
  2 jackals (D:1)
  5 kobolds
  4 quokkas
  2 frilled lizards
  6 rats
80 creatures vanquished.

Vanquished Creatures (others)
  9 demonic plants (D:3)
  5 fungi (D:3)
  A plant (D:3)
  2 withered plants (D:3)
17 creatures vanquished.

Grand Total: 97 creatures vanquished

Notes
Turn   | Place    | Note
-------+----------+-------------------------------------------
     0 | D:1      | Illumine the Palentonga Berserker began the quest for the
                  | Orb.
     0 | D:1      | Reached XP level 1. HP: 19/19 MP: 1/1
   101 | D:1      | Reached XP level 2. HP: 16/25 MP: 2/2
   395 | D:1      | Reached XP level 3. HP: 5/31 MP: 3/3
   700 | D:1      | Reached ** piety under Trog
  1398 | D:2      | Noticed Sigmund
  1406 | D:2      | Killed Sigmund
  1407 | D:2      | Reached skill level 4 in Axes
  1407 | D:2      | Reached XP level 4. HP: 11/39 MP: 4/4
  1407 | D:2      | Reached XP level 5. HP: 12/44 MP: 5/5
  1919 | D:3      | Reached skill level 5 in Axes
  2153 | D:3      | Found a faded altar of an unknown god.
  2492 | D:4      | Noticed a black bear
  2595 | D:4      | Found Otweynn's Jewellery Boutique.
  2673 | D:4      | Reached XP level 6. HP: 51/51 MP: 6/6
  2673 | D:4      | Found a blossoming altar of Fedhas.
  2782 | D:4      | Reached *** piety under Trog
  3287 | D:4      | Reached skill level 6 in Axes
  3406 | D:5      | Entered Level 5 of the Dungeon
  3470 | D:5      | Gained mutation: You curl defensively after being hit.
                  | [Palentonga growth]
  3470 | D:5      | Reached XP level 7. HP: 52/58 MP: 7/7
  3738 | D:5      | Reached skill level 1 in Evocations
  3790 | D:5      | Reached skill level 5 in Fighting
  3808 | D:5      | Succumbed to a gnoll sergeant's poison

Illustrated notes

Levels and vault maps discovered:
D:1:      wander_arrival_desolate, layout_basic, minmay_close_crescents
D:2:      layout_basic, basic_altar, minmay_tetromino_l4, uniq_sigmund
D:3:      layout_basic, shapermc_ecumenical_altar_gd, guppyfry_early_orc_mine
D:4:      layout_loops_cross, lemuel_doored_altar, serial_shops, shop
D:5:      layout_gridville, kennysheep_small_square, uniq_edmund

Skill      XL: |  1  2  3  4  5  6  7 |
---------------+----------------------+-----
Armour         | 2 3 |  3.7
Fighting       | 4 5 |  5.0
Axes           | 4 5 6 |  6.6
Evocations     | 1 |  1.3
Dodging        | |  1.5

Action                   |  1- 3 |  4- 6 |  7- 9 || total
-------------------------+-------+-------+-------++-------
Melee: Hand axe          |   127 |   112 |    37 ||   276
       Tailslap          |     8 |    19 |     2 ||    29
Invok: Berserk           |       |       |     1 ||     1
 Abil: Rolling Charge    |    11 |    13 |     4 ||    28
  Use: Potion            |     1 |       |     1 ||     2
       Scroll            |       |     5 |     1 ||     6
Armor: Animal skin       |    65 |     7 |       ||    72
       Scale mail        |       |    17 |    28 ||    45
Dodge: Dodged            |    69 |    38 |    23 ||   130

Table legend: (Time is in decaauts)
 A = Elapsed time spent in this place.
 B = Non-inter-level travel time spent in this place.
 C = Inter-level travel time spent in this place.
 D = Time resting spent in this place.
 E = Time spent auto-exploring this place.
 F = Levels seen in this place.
 G = Mean time per level.
                   A        B        C        D        E       F      G
               +--------+--------+--------+--------+--------+-----+--------+
         Total |   3828 |   3705 |    123 |    756 |   2281 |   5 |  765.6 |
       Dungeon |   3828 |   3705 |    123 |    756 |   2281 |   5 |  765.6 |
               +--------+--------+--------+--------+--------+-----+--------+

Top non-repeatable levels by time:
     D:4: 952 daAuts
     D:1: 949 daAuts
     D:2: 887 daAuts
     D:3: 638 daAuts
     D:5: 401 daAuts
